 Dungeon Crawl Stone Soup version 0.30.1-11-g7821555f0a (webtiles) character file.

Game seed: 9227401710701677972

448 Psyclone the Conjurer (level 6, -3/32 HPs)
             Began as a Deep Elf Conjurer on Nov 9, 2023.
             Slain by Duvessa
             ... wielding a +0 short sword
              (9 damage)
             ... on level 4 of the Dungeon.
             The game lasted 00:06:16 (3880 turns).

Psyclone the Conjurer (Deep Elf Conjurer)           Turns: 3880, Time: 00:06:17

Health: -3/32      AC:  6    Str:  3 (4)  XL:     6   Next: 73%
Magic:  9/17       EV: 17    Int: 23 (25) God:
Gold:   135        SH:  0    Dex: 12 (13) Spells: 14/17 levels left

rFire   + . .        a - +0 short sword
rCold   . . .        (no shield)
rNeg    . . .        d - +2 robe {rF+}
rPois   .            c - +0 helmet
rElec   .            (no cloak)
rCorr   .            e - +0 pair of gloves
SInv    .            (no boots)
Will    .....        (no amulet)
Stlth   ++           h - +5 ring of evasion
HPRegen 0.25/turn    (no ring)
MPRegen 0.15/turn

%: no passive effects
@: no status effects
A: no striking features
a: no special abilities


You were on level 4 of the Dungeon.
You visited 1 branch of the dungeon, and saw 4 of its levels.

You collected 163 gold pieces.
You spent 28 gold pieces at shops.

Inventory:

Hand Weapons
 a - a +0 short sword (weapon)
Missiles
 g - a throwing net {!f}
Armour
 c - a +0 helmet (worn)
 d - a +2 robe of fire resistance (worn)
 e - a +0 pair of gloves (worn)
Jewellery
 h - a +5 ring of evasion (left hand)
Wands
 f - a wand of charming (6)
Scrolls
 j - 2 scrolls of teleportation
 l - a scroll of blinking
 n - a scroll of poison {unknown}
Potions
 b - a potion of magic
 i - a potion of haste
 k - a potion of flight {unknown}


   Skills:
 - Level 2.4 Dodging
 - Level 2.4 Stealth
 + Level 6.1 Spellcasting
 * Level 7.7 Conjurations


You had 14 spell levels left.
You knew the following spells:

 Your Spells              Type           Power      Damage    Failure   Level
a - Magic Dart            Conj           100%       1d8       1%          1
b - Searing Ray           Conj           84%        2d7       1%          2

Your spell library contained the following spells:

 Spells                   Type           Power      Damage    Failure   Level
 Dazzling Flash           Conj/Hex       48%        N/A       5%          3
 Fulminant Prism          Conj/Hex       12%        3d9       17%         4
 Iskenderun's Mystic Bla  Conj/Tloc      24%        2d7       17%         4


Dungeon Overview and Level Annotations

Branches:
Dungeon (4/15) Zot: 20137
 Temple: D:4-7

Altars:
Hepliaklqana

Shops:
D:3 *

Annotations:
D:4 Duvessa


Message History

MP restored: 17
Casting: Searing Ray (safe; 1% risk of failure)
Confirm with . or Enter, or press ? or * to list all spells.
Aiming: Searing Ray (safe; 1% risk of failure)
Press: ? - help, Shift-Dir - straight line, f - Duvessa
Aim: Duvessa, wielding a +0 short sword and wearing a +0 leather armour (berserk, 84% to hit)
The searing ray misses Duvessa. (Press . to maintain the ray.)
You now have 15/17 mp.
The searing ray hits Duvessa!
Duvessa is lightly wounded.
You now have 14/17 mp.
The searing ray hits Duvessa!
Duvessa is moderately wounded.
Duvessa closely misses you. x2
You now have 13/17 mp.
The searing ray hits Duvessa.
Duvessa is moderately wounded.
You finish channelling your searing ray.
Duvessa misses you.
You now have 12/17 mp.
Casting: Searing Ray (safe; 1% risk of failure)
Confirm with . or Enter, or press ? or * to list all spells.
Aiming: Searing Ray (safe; 1% risk of failure)
Press: ? - help, Shift-Dir - straight line, f/p - Duvessa
Aim: Duvessa, wielding a +0 short sword and wearing a +0 leather armour (moderately wounded, berserk, 84% to hit)
The searing ray hits Duvessa.
Duvessa is heavily wounded. (Press . to maintain the ray.) Duvessa completely misses you.
Duvessa hits you with a +0 short sword!
You take 12 damage, and have 20/32 hp.
MASSIVE DAMAGE!!
You now have 10/17 mp.
The searing ray hits Duvessa.
Duvessa is heavily wounded.
Duvessa hits you with a +0 short sword!
* * * LOW HITPOINT WARNING * * *
You take 15 damage, and have 5/32 hp.
MASSIVE DAMAGE!!
You now have 9/17 mp.
The searing ray hits Duvessa.
Duvessa is heavily wounded.
Duvessa hits you with a +0 short sword!
You die...

.......# .#####.#
.#####.############
.##...............#
.##...........###.# #
.##..#.######.# #.# .# ..)....#
####.###.##.## # ###..###
#........#...######.# #..#
##.##.##@..........#.# ##
#..####...#.###e#...###.......#
#.......#...# #.##.## #†.#.#..#
###.#####...### #.##.#
#..#.#..# #...# ##.##
#.##.####..#.#..# #.### #.#
#.##.......)....# #.# #.#
#....####........ #.# #.#
####.# #...)...# #.# #.# #.#
####.####


You could see Duvessa (berserk).

Vanquished Creatures
  Sigmund (D:2)
  Dowan (D:4)
  An iguana (D:4)
  2 orc wizards (D:4)
  7 adders
  2 worms (D:3)
  7 orcs (D:4)
  8 endoplasms
  4 giant cockroaches
  5 goblins
  5 hobgoblins
  2 jackals (D:2)
  6 kobolds
  2 quokkas
  9 ball pythons
  4 bats
  A frilled lizard (D:1)
  10 rats
77 creatures vanquished.

Notes
Turn   | Place    | Note
-------+----------+-------------------------------------------
     0 | D:1      | Psyclone the Deep Elf Conjurer began the quest for the Orb.
     0 | D:1      | Reached XP level 1. HP: 10/10 MP: 6/6
   276 | D:1      | Reached XP level 2. HP: 15/15 MP: 5/8
   630 | D:1      | Reached skill level 5 in Conjurations
  1172 | D:2      | Reached XP level 3. HP: 19/19 MP: 2/10
  1179 | D:2      | Noticed Sigmund
  1333 | D:2      | Learned a level 2 spell: Searing Ray
  1948 | D:2      | Reached XP level 4. HP: 24/24 MP: 8/12
  2232 | D:2      | Killed Sigmund
  2233 | D:2      | Reached skill level 5 in Spellcasting
  2233 | D:2      | Reached skill level 7 in Conjurations
  2233 | D:2      | Reached XP level 5. HP: 15/28 MP: 5/14
  2346 | D:3      | Reached XP level 6. HP: 32/32 MP: 13/16
  2545 | D:3      | Found Rippox's General Store.
  2550 | D:3      | Found a hazy altar of Hepliaklqana.
  2554 | D:3      | Bought a scroll of identify for 28 gold pieces
  3344 | D:4      | Noticed Dowan
  3354 | D:4      | Killed Dowan
  3873 | D:4      | Noticed Duvessa
  3880 | D:4      | Slain by Duvessa

Illustrated notes

Levels and vault maps discovered:
D:1:      dpeg_arrival_boxorama, layout_loops_corners
D:2:      layout_basic, roderic_filled_cross, minmay_distorted, uniq_sigmund
D:3:      layout_basic, mainiacjoe_overflow_chevrons, serial_shops, shop
D:4:      layout_loops_ring, uniq_duvessa

Skill      XL: |  1  2  3  4  5  6 |
---------------+-------------------+-----
Conjurations   | 5 7 |  7.7
Spellcasting   | 4 5 6 |  6.1
Dodging        | |  2.4
Stealth        | |  2.4

Action                     |  1- 3 |  4- 6 || total
---------------------------+-------+-------++-------
  Melee: Short sword       |    16 |     2 ||    18
   Cast: Magic Dart        |    65 |    64 ||   129
         Searing Ray       |       |    10 ||    10
    Use: Scroll            |     2 |     2 ||     4
         Potion            |     1 |     4 ||     5
   Stab: Sleeping          |     2 |     1 ||     3
 Armour: Robe              |     6 |     2 ||     8
  Dodge: Dodged            |    14 |    13 ||    27
